[Event "*** Titled Tuesday Blitz"]
[Site "Chess.com"]
[Date "2018.11.06"]
[Round "3"]
[White "olksuna"]
[Black "florianschwabeneder"]
[Result "1-0"]
[WhiteElo "2518"]
[BlackElo "2482"]
[TimeControl "180+2"]
[EndTime "13:40:43 PST"]
[Termination "olksuna won by resignation"]

1. c4 e5 2. g3 Bc5 3. Bg2 d6 4. Nc3 a6 5. e3 Nc6 6. Nge2 Ba7 7. O-O h5 8. h3 h4 9. g4 f5 10. gxf5 Bxf5 11. d4 Nf6 12. Kh2 Qd7 13. d5 Ne7 14. e4 Bg6 15. f4 exf4 16. Nxf4 Bf7 17. Nd3 Ng6 18. Bg5 O-O-O 19. b4 Bd4 20. Ne2 Bxa1 21.
Qxa1 Rde8 22. Qd4 Ne5 23. Qa7 c6 24. Nxe5 dxe5 25. Be3 Bg6 26. Bb6 Qd6 27. dxc6 Qxc6 28. b5 axb5 29. cxb5 Qxb5 30. Rc1+ Kd7 31. Qxb7+ Ke6 32.
Rc6+ Qxc6 33. Qxc6+ Kf7 34. Qc4+ Re6 35. a4 Re8 36. a5 Kg8 37. Nc3 Bf7 38. Nd5 Nxd5 39.
exd5 Rf6 40. Qxh4 e4 41. Bxe4 Rh6 42. Qg4 Bh5 43. Qd7 Rxe4 44. a6 Bg4 45. Qd8+ Kh7 46.
h4 Ra4 47. a7 Rxb6 48. Qxb6 Bf3 49. Qb7 Ra2+ 50. Kg3 Ra3 51. a8=Q Bxd5+ 52. Qxa3 Bxb7 53. Qe7 1-0

[Event "*** Titled Tuesday Blitz"]
[Site "Chess.com"]
[Date "2018.11.06"]
[Round "3"]
[White "savinspm"]
[Black "aquaticpineapples"]
[Result "1-0"]
[WhiteElo "2083"]
[BlackElo "2002"]
[TimeControl "180+2"]
[EndTime "13:40:45 PST"]
[Termination "savinspm won by resignation"]

1. e4 d5 2. exd5 Qxd5 3. Nc3 Qa5 4. Bc4 Nf6 5. d3 c6 6. Nf3 Bg4 7. h3 Qh5 8. Bf4 Bxf3 9. Qxf3 Qxf3 10. gxf3 Nbd7 11.
O-O-O O-O-O 12. Be3 e6 13. a4 Bc5 14. d4 Bb4 15.
Ne4 Nd5 16. c3 Be7 17. Kc2 f5 18. Bxd5 exd5 19. Ng5 Rdf8 20. Ne6 Rf7 21. Rde1 h6 22. Rhg1 Rg8 23. Rg6 Nf8 24. Nxf8 Rgxf8 25. Reg1 Bf6 26. Kd3 Kd7 27. b4 Re8 28. a5 Kc7 29. Re1 Kc8 30. Reg1 b6 31. axb6 axb6 32. Ra1 Kb7 33. Ra2 Ra8 34.
Rxa8 Kxa8 35. Bf4 Kb7 36. Bg3 Kc8 37. Be5 Bxe5 38. dxe5 Kd7 39. f4 Re7 40. Kd4 Kc7 41. h4 Kd7 42. h5 Kc7 43. Rd6 Rf7 44. Rg6 Re7 45. f3 Kd7 46. b5 cxb5 47. Rxb6 Re6 48. Rxb5 Kc6 49. Rc5+ Kb6 50. Kxd5 Re8 51. Rc6+ Kb7 52.
Rd6 Kc7 53. c4 g5 54. Rxh6 gxf4 55. Rh7+ Kd8 56. e6 Rg8 57. Kd6 Ke8 58. c5 Kd8 59. c6 Kc8 60. Rf7 Rh8 61. e7 Rg8 62. Rf8+ 1-0

[Event "*** Titled Tuesday Blitz"]
[Site "Chess.com"]
[Date "2018.11.06"]
[Round "3"]
[White "tioloko"]
[Black "Bryakin_Mikhail"]
[Result "0-1"]
[WhiteElo "2528"]
[BlackElo "2690"]
[TimeControl "180+2"]
[EndTime "13:40:49 PST"]
[Termination "Bryakin_Mikhail won by resignation"]

1. e4 c6 2. Nc3 d5 3. Nf3 Nf6 4.
e5 Ne4 5. Ne2 Qb6 6. d4 h6 7.
Nfg1 c5 8. f3 Ng5 9. h4 Ne6 10. c3 Nc6 11. dxc5 Nxc5 12. Be3 Nxe5 13. Nf4 Ncd3+ 14. Nxd3 Qxe3+ 15. Be2 Nxd3+ 16. Qxd3 Qxd3 17. Bxd3 e6 18. Ne2 Bd6 19. Nd4 Bd7 20. Ke2 a6 21. h5 Rc8 22. Rhf1 Bf4 23. Kf2 Ke7 24. Rae1 Rhd8 25.
g3 Bg5 26. Re2 Bf6 27. Nf5+ Kf8 28. Nd4 b5 29. a3 Rc5 30. Nb3 Rc7 31. f4 Bc8 32.
Nd4 Bb7 33. Rfe1 Bc6 34. Re3 Rb8 35. Ke2 a5 36. Rxe6 Bxd4 37. Rxc6 Rxc6 38. cxd4 b4 39. a4 b3 40. Kd2 Rb4 41. Re5 Rxd4 42. Ke3 Rxa4 43. Bb5 Rac4 44. Bxc6 Rxc6 45. Rxd5 Rc2 46.
Rxa5 Rxb2 47. Rb5 Rb1 48. Kf3 Ke7 49. Kg4 Kd6 50. Rb7 Kc6 51. Rb8 Kc5 52. Kf5 Kc4 53. g4 Rf1 54. Rb7 Kc3 55. Rxf7 b2 56. Rc7+ Kd3 57.
Rb7 b1=Q 58. Rxb1 Rxb1 59. Kg6 Ke4 60. f5 Rb7 61. g5 hxg5 62. Kxg5 Ke5 63. Kg6 Rc7 64. Kg5 Rf7 65. Kg6 Rxf5 0-1

[Event "*** Titled Tuesday Blitz"]
[Site "Chess.com"]
[Date "2018.11.06"]
[Round "3"]
[White "sergoy"]
[Black "volcanoexplorer"]
[Result "1-0"]
[WhiteElo "2752"]
[BlackElo "2475"]
[TimeControl "180+2"]
[EndTime "13:40:49 PST"]
[Termination "sergoy won by checkmate"]

1. d4 Nf6 2. c4 e6 3. Nf3 b6 4. g3 Bb7 5. Bg2 Be7 6. O-O O-O 7.
Re1 a5 8. Qc2 d5 9. Bf4 Na6 10.
Ne5 c5 11. dxc5 Bxc5 12. Nc3 Qc8 13. Rad1 Nb4 14. Qb1 dxc4 15. e4 h6 16. a3 Nd3 17.
Nxd3 cxd3 18. Na4 Ng4 19. Rd2 e5 20. Nxc5 Qxc5 21. Be3 Nxe3 22. Rxe3 Ba6 23. Bf1 Rac8 24. Bxd3 Qc1+ 25. Rd1 Qxb1 26. Bxb1 Rfd8 27. Rxd8+ Rxd8 28. Bc2 Rd2 29. Rc3 Kf8 30. Kg2 Ke7 31. Kf3 Kd6 32.
Ke3 Re2+ 33. Kf3 Rd2 34. b3 Bf1 35. b4 axb4 36. axb4 b5 37. Bb3 Rb2 38. Bxf7 Rxb4 39. Rc8 Rb3+ 40. Bxb3 Bh3 41. Rc1 b4 42. Ke3 Bd7 43. f4 Bb5 44. fxe5+ Ke7 45. Rc5 Be8 46.
Kd4 Bh5 47. Rc7+ Kd8 48. Rb7 g5 49. Rxb4 g4 50. Kc5 Be8 51. Kd6 Bd7 52. Rb8+ Bc8 53. Be6 h5 54. Rxc8# 1-0

[Event "*** Titled Tuesday Blitz"]
[Site "Chess.com"]
[Date "2018.11.06"]
[Round "3"]
[White "Bad4life"]
[Black "Kawhi_Leonard2"]
[Result "1-0"]
[WhiteElo "2295"]
[BlackElo "2278"]
[TimeControl "180+2"]
[EndTime "13:40:56 PST"]
[Termination "Bad4life won on time"]

1. e4 c5 2. Nf3 d6 3. Bb5+ Bd7 4. a4 Nc6 5. O-O e6 6. Re1 Nf6 7. c3 Be7 8. d4 cxd4 9. cxd4 d5 10. e5 Ne4 11.
Nc3 Nxc3 12. bxc3 Rc8 13. Ra3 Na5 14. h3 a6 15. Bd3 Nc4 16. Ra2 Qa5 17. Qb3 Qc7 18.
Bg5 Na5 19. Qd1 Bxg5 20. Nxg5 h6 21. Nxf7 Kxf7 22. Qh5+ Kg8 23. Re3 Rf8 24. Rg3 Be8 25. Qg4 Qe7 26. Rb2 Nc4 27. Rb4 a5 28. Rb1 Bxa4 29.
Ra1 Bc6 30. Qe2 b5 31. Rg6 Be8 32. Rg3 a4 33. Rf1 Rf4 34. Qc2 g5 35. Qc1 Qf8 36. h4 Qg7 37. f3 Rxh4 38. f4 g4 39. f5 exf5 40. Bxf5 Bg6 41. Be6+ Kh7 42. Bxd5 Rd8 43. Be6 Nxe5 44. dxe5 Qxe5 45. Qa3 Qxe6 46. Qc5 Qd5 47. Qe7+ Kg8 48. Qxh4 Qc5+ 49. Kh2 h5 50. Qxd8+ Kh7 51.
Qd7+ Kh6 52. Qd2+ Kg7 53. Rf4 a3 54. Rd4 Qe5 55. Rd7+ Bf7 56. Rd4 a2 57. Qd1 1-0

[Event "*** Titled Tuesday Blitz"]
[Site "Chess.com"]
[Date "2018.11.06"]
[Round "3"]
[White "PaulfromSPb"]
[Black "GasconJR"]
[Result "1-0"]
[WhiteElo "2519"]
[BlackElo "2411"]
[TimeControl "180+2"]
[EndTime "13:40:58 PST"]
[Termination "PaulfromSPb won by checkmate"]

1. e4 e5 2. Nf3 Nc6 3. Bb5 a6 4. Ba4 d6 5. c3 Bd7 6. O-O g6 7. d4 Bg7 8. Bg5 Nf6 9. Re1 h6 10.
Bh4 O-O 11. dxe5 dxe5 12. Nbd2 Qe8 13. Qc2 Nh5 14. Nf1 Rc8 15. Ne3 Nf4 16. Bg3 Nb4 17. cxb4 Bxa4 18. b3 Bc6 19. Rad1 Qe7 20. Nd5 Bxd5 21.
exd5 Qxb4 22. Nxe5 Nh5 23. Nc4 Nxg3 24. hxg3 Rcd8 25.
Re3 Rd7 26. Red3 Qc5 27. Qe2 Re7 28. Qf3 Rfe8 29. Ne3 h5 30. g4 Bh6 31. Nf1 Re5 32. gxh5 Rf5 33. Qg3 Rxh5 34. d6 cxd6 35. Qxd6 Re2 36.
Qxc5 Rxc5 37. a4 Rcc2 38. Rf3 Bf8 39. Ng3 Red2 40. Rxd2 Rxd2 41. Ne4 Rb2 42. g4 Bg7 43. Kg2 Bd4 44. Nd6 b6 45. Nxf7 Bxf2 46. Kh3 Bc5 47.
g5 Be7 48. Nh6+ Kh8 49. Kh4 Rd2 50. Nf7+ Kg7 51. Ne5 Rd4+ 52. Kg3 Bxg5 53. Rf7+ Kh6 54. Ng4+ Kh5 55. Rh7+ Bh6 56. Nxh6 Rd3+ 57. Kf4 Rxb3 58. Nf5# 1-0

[Event "*** Titled Tuesday Blitz"]
[Site "Chess.com"]
[Date "2018.11.06"]
[Round "3"]
[White "Maikrosoft63"]
[Black "731291"]
[Result "0-1"]
[WhiteElo "2531"]
[BlackElo "2574"]
[TimeControl "180+2"]
[EndTime "13:40:58 PST"]
[Termination "731291 won by resignation"]

1. e4 e6 2. d4 d5 3. Nd2 Be7 4. e5 c5 5. c3 cxd4 6. cxd4 Qb6 7. Ndf3 Bd7 8. Bd3 Bb5 9. Ne2 Bxd3 10. Qxd3 Qa6 11. Qe3 Nh6 12. O-O Nf5 13. Qd2 O-O 14.
a3 Nd7 15. b3 Rac8 16. Bb2 Rc6 17. a4 Rfc8 18. Rfc1 Rxc1+ 19. Rxc1 Rxc1+ 20. Nxc1 h5 21. Qd3 Qxd3 22. Nxd3 Nb8 23. Kf1 Nc6 24. Bc3 g5 25. b4 g4 26. b5 gxf3 27. bxc6 fxg2+ 28. Kxg2 bxc6 29. Kf3 f6 30. Nf4 fxe5 31. dxe5 Ng7 32. a5 a6 33. Nd3 Kf7 34. Bb4 Ne8 35. Bxe7 Kxe7 36. Nb4 Nc7 37. Nxc6+ Kf7 38. Ke3 Kg6 39. f4 Kf5 40. Nd4+ Kg4 41. h3+ Kxh3 42. f5 exf5 43. e6 Kg4 44. e7 h4 45. Ne6 Ne8 46. Kf2 f4 47. Nc5 h3 48. Nxa6 f3 49. Nc5 h2 50.
Nd3 h1=Q 51. Ne5+ Kf4 52. Nd3+ Kf5 53. a6 Qg2+ 54. Ke3 Qe2+ 55. Kd4 Qe4+ 56. Kc3 Qc4+ 57. Kd2 Qxa6 0-1

[Event "*** Titled Tuesday Blitz"]
[Site "Chess.com"]
[Date "2018.11.06"]
[Round "3"]
[White "aRk_iN"]
[Black "Karina_Oparina"]
[Result "1-0"]
[WhiteElo "2155"]
[BlackElo "2179"]
[TimeControl "180+2"]
[EndTime "13:40:58 PST"]
[Termination "aRk_iN won by resignation"]

1. e4 c6 2. d4 d5 3. Nc3 dxe4 4. Nxe4 Bf5 5. Ng3 Bg6 6. h4 h6 7. Nf3 Nd7 8. h5 Bh7 9. Bd3 Bxd3 10. Qxd3 e6 11. Bd2 Qc7 12. O-O-O Ngf6 13. Qe2 c5 14. Kb1 Rc8 15. c3 cxd4 16. Nxd4 Bc5 17. Nxe6 fxe6 18.
Qxe6+ Kf8 19. Rhe1 Qc6 20. Qf5 Kg8 21. f3 Bf2 22.
Re6 Qd5 23. Rxf6 Nxf6 24. Qxc8+ Kh7 25. Qf5+ Qxf5+ 26. Nxf5 Nxh5 27. g4 Nf6 28. Bf4 Re8 29.
Kc2 Re2+ 30. Kb3 Bc5 31. Rd8 b5 32. Rc8 Bb6 33. Rb8 Re6 34. Rb7 Ne8 35. Bxh6 Kg6 36. Bxg7 Nxg7 37. Rxg7+ Kf6 38. Rh7 Kg5 39. Re7 Rf6 40.
Re4 a5 41. a4 bxa4+ 42. Kxa4 Rc6 43. b4 axb4 44. cxb4 Rc2 45. Kb5 Bf2 46. Nd4 Rc3 47. Ne6+ Kf6 48. Nc5 Rxf3 49. Kc4 Rg3 50. b5 Kg5 51. b6 Rxg4 52. Rxg4+ Kxg4 53. b7 Bg3 54. Kd5 Kf5 55. Nd7 Kg6 56. Ne5+ Bxe5 57. Kxe5 1-0

[Event "*** Titled Tuesday Blitz"]
[Site "Chess.com"]
[Date "2018.11.06"]
[Round "3"]
[White "ahachess"]
[Black "ozates"]
[Result "0-1"]
[WhiteElo "2332"]
[BlackElo "2327"]
[TimeControl "180+2"]
[EndTime "13:41:00 PST"]
[Termination "ozates won by resignation"]

1. d4 Nf6 2. c4 c5 3. d5 b5 4. cxb5 a6 5. bxa6 g6 6. Nc3 Bxa6 7. g3 Bg7 8. Bg2 O-O 9. Nf3 d6 10. O-O Nbd7 11. Rb1 Qa5 12. Bd2 Rfb8 13. h3 Rb7 14. b3 Rab8 15. Qc2 Ra7 16. Rfd1 Qc7 17. a4 e6 18. dxe6 fxe6 19. Ng5 Nf8 20. Bf4 Rd8 21. Nge4 Nxe4 22. Nxe4 e5 23. Bg5 Rd7 24. h4 h6 25. Be3 Bb7 26. Bh3 Rd8 27. Nxd6 Rxd6 28. Rxd6 Qxd6 29. Bxc5 Qd5 30. e4 Qxe4 31. Qxe4 Bxe4 32.
Re1 Rb7 33. Rxe4 Rxb3 34. Bg2 Ne6 35. Bd6 Rb1+ 36. Kh2 Rb2 37. Bxe5 Rxf2 38. Bxg7 Nxg7 39. Kh3 h5 40. g4 Ra2 41. gxh5 Nxh5 42. Bf3 Ra3 43.
Kg2 Nf6 44. Rf4 Kg7 45. Rb4 Kh6 46. Rb6 Nh5 47. Rb4 Ng7 48. Be4 Kh5 49. Bc6 Nf5 50. Bb5 Nxh4+ 51. Kf2 Nf5 52. Rc4 g5 53. Rc5 Nd6 54.
Be2+ Kh4 55. Re5 g4 56. a5 Ra2 57. Kf1 Kg3 58. Rg5 Ra1+ 59. Bd1 Rxd1+ 60. Ke2 Ra1 61. Rg6 Nf5 62. a6 Kf4 63. Rg7 g3 64. Rg8 Rxa6 0-1

[Event "*** Titled Tuesday Blitz"]
[Site "Chess.com"]
[Date "2018.11.06"]
[Round "3"]
[White "Firouzja2003"]
[Black "INDIAN-ELEPHANT"]
[Result "1-0"]
[WhiteElo "2955"]
[BlackElo "2664"]
[TimeControl "180+2"]
[EndTime "13:41:02 PST"]
[Termination "Firouzja2003 won by resignation"]

1. e4 e5 2. Nf3 Nc6 3. Bc4 Bc5 4.
c3 Nf6 5. d3 d6 6. O-O h6 7. a4 a5 8. Nbd2 O-O 9. Re1 Kh8 10.
h3 Ng8 11. Nb3 Bb6 12. d4 exd4 13. cxd4 f5 14. e5 d5 15. Bb5 Nb4 16. e6 Qf6 17. Bf4 Bxe6 18. Nc5 Bxc5 19. dxc5 c6 20. Nd4 Bd7 21.
Be5 Qg6 22. Bd3 Rae8 23. Qd2 Nf6 24. Bd6 Ne4 25. Bxe4 fxe4 26. Re3 Rf6 27. Rg3 Rxd6 28. Rxg6 Rxg6 29. Kh2 Nd3 30. Qxa5 Nf4 31. Qc7 Rxg2+ 32. Kh1 Rxf2 33. Qxd7 Rg8 34. Re1 Nd3 35. Rg1 Rxb2 36.
Rg2 Nxc5 37. Qe7 Rb1+ 38. Kh2 Nd3 39. Rg6 Rb2+ 40. Kg3 Kh7 41. Qf7 Rb1 42. Rxh6+ Kxh6 43. Qxg8 Rg1+ 44. Kh2 Rf1 45. Qh8+ Kg6 46. Qe8+ Kh7 47. Qh5+ Kg8 48. Qe8+ Kh7 49. Ne6 Rf2+ 50. Kg1 Rf6 51.
Ng5+ Kh6 52. h4 Rf4 53. Qh8+ Kg6 54. Qe8+ Kh6 55. Nf7+ Kh7 56. h5 Rxf7 57. Qxf7 Kh8 58. Qxb7 e3 59. Qc8+ Kh7 60. Qf5+ 1-0

[Event "*** Titled Tuesday Blitz"]
[Site "Chess.com"]
[Date "2018.11.06"]
[Round "3"]
[White "Alex_Banzea"]
[Black "ChessicallyInclined"]
[Result "1-0"]
[WhiteElo "2315"]
[BlackElo "2391"]
[TimeControl "180+2"]
[EndTime "13:41:02 PST"]
[Termination "Alex_Banzea won by checkmate"]

1. e4 e5 2. Nf3 Nc6 3. Bb5 a6 4.
Ba4 Nf6 5. O-O Be7 6. Re1 b5 7. Bb3 d6 8. c3 O-O 9. h3 Nb8 10. d4 Nbd7 11. c4 exd4 12. Nxd4 Bb7 13. Nc3 b4 14. Nd5 Nxd5 15. cxd5 Nc5 16. Bc4 Bf6 17. f3 Bh4 18. Rf1 Bg3 19. Be3 Qh4 20. Qd2 Be5 21. Bf2 Qf6 22. Rfd1 a5 23. Rac1 g6 24. Be3 Qh4 25. Bf2 Bg3 26. Qe1 Bxf2+ 27. Qxf2 Qf6 28.
Ne2 Qxb2 29. Qh4 Rae8 30. Nd4 a4 31. Qf6 b3 32. axb3 axb3 33. h4 h5 34. Rb1 Qc3 35. Bxb3 Qe3+ 36. Kh2 Ba6 37. Nc6 Nxb3 38. Re1 Qd3 39.
Nb4 Qd2 40. Nxa6 Nd4 41. Rf1 Qe3 42. Nxc7 Rc8 43. Rbe1 Qc3 44. Rc1 Qd2 45. Rcd1 Qe3 46. Ne8 Rcxe8 47. Qxd4 Qf4+ 48. g3 Qh6 49. Qd2 Qg7 50. Rfe1 Rd8 51. f4 Rfe8 52. Qd4 Qf8 53.
e5 dxe5 54. fxe5 Qa3 55. Kh3 Qf3 56. Qf4 Qb3 57. Rf1 Rd7 58. Qf6 Rde7 59. e6 fxe6 60. Qxg6+ Kh8 61. Qxh5+ Kg7 62. Qg5+ Kh7 63. Rf6 Qxd1 64.
Rh6# 1-0

[Event "*** Titled Tuesday Blitz"]
[Site "Chess.com"]
[Date "2018.11.06"]
[Round "3"]
[White "Muisback26"]
[Black "KenanGarayev"]
[Result "0-1"]
[WhiteElo "2809"]
[BlackElo "2752"]
[TimeControl "180+2"]
[EndTime "13:41:04 PST"]
[Termination "KenanGarayev won by resignation"]

1. e4 e5 2. Nf3 Nc6 3. d4 exd4 4. Bc4 Nf6 5. e5 d5 6. Bb5 Ne4 7. Nxd4 Bd7 8. Bxc6 bxc6 9. O-O Bc5 10. f3 Ng5 11.
Be3 Qe7 12. f4 Ne6 13. Kh1 O-O 14. Nf5 Qd8 15. Nd2 f6 16. Bxc5 Nxc5 17. Nd4 fxe5 18. fxe5 Rxf1+ 19. Qxf1 Qf8 20. Qe2 Re8 21. Qe3 Qe7 22.
Re1 Ne4 23. e6 Bxe6 24. Nxe4 Bd7 25. Qb3 Qf7 26. h3 dxe4 27. Qc3 Qd5 28. Nb3 Bf5 29. Qe3 a5 30. a3 Rd8 31. Rf1 Bg6 32. Nc5 h6 33. b3 Kh7 34. c3 Qd2 35. Re1 Qc2 36. b4 axb4 37. cxb4 Rd2 38. Rg1 Re2 39. Qf4 e3 40.
Ne6 Qe4 41. Nf8+ Kh8 42. Nxg6+ Qxg6 43. Qxc7 Rf2 44. Qe5 e2 45. Qe3 Qf5 46. a4 Qf4 47. Qe8+ Kh7 48. Qxc6 Qxb4 49. Qc2+ Kh8 50. Qc8+ Qf8 51.
Qc1 Rf1 52. Qe3 Rxg1+ 53. Kxg1 Qf1+ 54. Kh2 e1=Q 0-1

[Event "*** Titled Tuesday Blitz"]
[Site "Chess.com"]
[Date "2018.11.06"]
[Round "3"]
[White "AndrewMcStone"]
[Black "playablecharacter"]
[Result "1-0"]
[WhiteElo "2145"]
[BlackElo "2049"]
[TimeControl "180+2"]
[EndTime "13:41:08 PST"]
[Termination "AndrewMcStone won by resignation"]

1. d4 f5 2. g3 Nf6 3. Bg2 g6 4.
Nf3 Bg7 5. O-O O-O 6. b3 d6 7.
Bb2 c6 8. Nbd2 Kh8 9. c4 Be6 10. Ng5 Bg8 11. e4 Qd7 12. e5 dxe5 13. dxe5 Ng4 14. Qe2 e6 15. Rad1 Qe7 16. Ngf3 Na6 17. h3 Nh6 18. Qe3 Nf7 19. Ne1 Rfd8 20. f4 c5 21.
Nef3 Nb4 22. Nb1 Nxa2 23. Kh2 Nb4 24. Nc3 Rac8 25. Nb5 a6 26. Nd6 Nxd6 27. exd6 Qf8 28.
Bxg7+ Qxg7 29. Ne5 Bf7 30. Bxb7 Rb8 31. Bf3 Be8 32. Rd2 Rbc8 33. d7 Bxd7 34. Rfd1 Nd5 35. cxd5 Bb5 36. dxe6 Re8 37. Bd5 c4 38. bxc4 Ba4 39.
Qd4 Bxd1 40. Nf7+ Kg8 41. Rxd1 Qxd4 42. Rxd4 Rb8 43. Nd6 Red8 44. e7+ Kg7 45. exd8=Q Rxd8 46. Kg2 Rxd6 47. c5 Rd8 48. Rd3 Kf6 49. Bc4 Rc8 50. Rd6+ Ke7 51. Rxa6 Rxc5 52. Be2 Rc2 53. Kf2 Kf7 54.
Ra7+ Kf6 55. Rxh7 Rc3 56. h4 Rc2 57. Ra7 Rc3 58. Ra6+ Kg7 59. Ra7+ Kh6 60. Ra6 Kh7 61. Bb5 Rb3 62. Be8 Rb2+ 63. Kf3 Rb3+ 64. Kg2 Rb2+ 65.
Kh3 Rb8 66. Bxg6+ Kg7 67. Bxf5 Ra8 68. Rxa8 1-0

[Event "*** Titled Tuesday Blitz"]
[Site "Chess.com"]
[Date "2018.11.06"]
[Round "3"]
[White "Vuk2000"]
[Black "GMMelik"]
[Result "0-1"]
[WhiteElo "2681"]
[BlackElo "2454"]
[TimeControl "180+2"]
[EndTime "13:41:16 PST"]
[Termination "GMMelik won by checkmate"]

1. e4 e5 2. Nf3 Nc6 3. d4 exd4 4. Nxd4 Nf6 5. Nxc6 bxc6 6. Bd3 d5 7. exd5 cxd5 8. Bb5+ Bd7 9. Bxd7+ Qxd7 10. O-O Be7 11. b3 O-O 12. Nd2 Qf5 13. Bb2 Bd6 14. Nf3 Rad8 15.
Re1 c5 16. Qd3 Qh5 17. Bxf6 gxf6 18. Rad1 Bb8 19. Re7 Rfe8 20. Rxe8+ Rxe8 21. Qxd5 Bxh2+ 22. Kf1 Be5 23. Qxc5 Qh1+ 24. Ng1 Bh2 25. f3 Kg7 26. Qf2 Re5 27. c4 a5 28. c5 Bxg1 29. Qxg1 Qxg1+ 30. Kxg1 Rxc5 31. Rd2 f5 32. Kf2 f4 33. Ke2 Kf6 34. Kd3 Kg5 35. Kd4 Rc1 36. Re2 f5 37. Ke5 h5 38. Ke6 Rc6+ 39. Kd5 Rc1 40. Ke6 Rc6+ 41. Kd5 Rc1 42. Rb2 Kh4 43. Ke5 Kg3 44.
Kxf5 h4 45. a4 Rc5+ 46. Ke4 Rc3 47. Kd4 Rc1 48. Ke5 Rc5+ 49. Kd6 Rc8 50. Ke5 Rb8 51. Ke4 Rb4+ 52. Ke5 h3 53. gxh3 Kxf3 54. h4 Kg4 55. Rh2 Kg3 56. Rh1 f3 57. h5 Kg2 58. Rc1 f2 59. Kd5 Rxb3 60. h6 f1=Q 61. Rxf1 Kxf1 62. Kc5 Rh3 63. Kb5 Rxh6 64. Kxa5 Ke2 65. Kb5 Kd3 66.
a5 Rh5+ 67. Kb6 Kc4 68. a6 Rh6+ 69. Kb7 Kb5 70. a7 Rh7+ 71. Kb8 Kb6 72. a8=Q Rh8# 0-1

[Event "*** Titled Tuesday Blitz"]
[Site "Chess.com"]
[Date "2018.11.06"]
[Round "3"]
[White "Pilopa"]
[Black "kharov2001"]
[Result "1-0"]
[WhiteElo "2387"]
[BlackElo "2224"]
[TimeControl "180+2"]
[EndTime "13:41:21 PST"]
[Termination "Pilopa won by checkmate"]

1. d4 Nf6 2. c4 e6 3. Nf3 d5 4. g3 Be7 5. Bg2 O-O 6. O-O dxc4 7. Qc2 a6 8. a4 Bd7 9. Qxc4 Bc6 10. Bf4 Bd6 11. Qc1 Nbd7 12. Nc3 Rc8 13. a5 Qe7 14. Rd1 Rfd8 15. Qc2 Bxf4 16. gxf4 Nf8 17. e3 Qb4 18.
Ra3 Nd5 19. Ne5 Be8 20. Nd3 Qe7 21. Ne4 Ng6 22. Nec5 Bc6 23. Ne5 Nxe5 24. fxe5 f6 25.
Nd3 Kh8 26. e4 Nb4 27. Nxb4 Qxb4 28. exf6 gxf6 29. Qc3 Qe7 30. Qh3 Rg8 31. Rg3 Rg7 32. Rxg7 Kxg7 33. d5 Bd7 34. Qg3+ Kh8 35. Kh1 e5 36. Bh3 Rg8 37. Qf3 Bxh3 38. Qxh3 Qg7 39. Qf3 Qg6 40. h3 Qg5 41. Kh2 h5 42. b4 Rg7 43. Qg3 Qh6 44. Qh4 Rg5 45. Rg1 Qg6 46. Rxg5 fxg5 47. Qg3 Qf6 48. Qe3 Kg7 49. Kg2 Kg6 50.
f3 Qf8 51. Qc5 Qf4 52. Qc2 Qf8 53. Qd3 g4 54. hxg4 hxg4 55. fxg4 Kg5 56. Qf3 Qxb4 57. Qf5+ Kh4 58. Qh5# 1-0

[Event "*** Titled Tuesday Blitz"]
[Site "Chess.com"]
[Date "2018.11.06"]
[Round "3"]
[White "Jenia84"]
[Black "norwaytoadog"]
[Result "1/2-1/2"]
[WhiteElo "2233"]
[BlackElo "2151"]
[TimeControl "180+2"]
[EndTime "13:41:27 PST"]
[Termination "Game drawn by repetition"]

1. e4 e5 2. Nf3 Nc6 3. Bb5 a6 4. Ba4 Nf6 5. d3 b5 6. Bb3 Be7 7. O-O O-O 8. c3 d6 9. h3 Bb7 10. a4 h6 11. Re1 Re8 12. Nbd2 Bf8 13. Nf1 Qd7 14. Ne3 g6 15. Nd5 Nxd5 16. Bxd5 Bg7 17. Be3 Nd8 18. Qb3 c6 19. axb5 axb5 20. Rxa8 Bxa8 21. Qa2 cxd5 22. Qxa8 Nc6 23. Qa6 d4 24. cxd4 exd4 25. Bf4 Nb4 26. Qxd6 Qxd6 27. Bxd6 Nxd3 28. Re2 Rc8 29. Rd2 Rc1+ 30. Kh2 Ne1 31. Nxe1 Rxe1 32. f3 Rc1 33. e5 Rc4 34. Kg3 b4 35. b3 Rc3 36.
Rxd4 Rxb3 37. Kf4 Rb2 38. Rxb4 Rxg2 39. Rb8+ Kh7 40. Rb7 Kg8 41. Rb8+ Kh7 42. Rd8 g5+ 43. Kf5 Rf2 44. Ke4 Kg6 45. Ra8 Re2+ 46. Kd3 Rf2 47. Ke3 Rf1 48. Ra6 Kh7 49. Ra7 Kg6 50. Ra6 Kh7 51. Ke2 Rh1 52. Ra7 Kg6 53. Ra6 Kf5 54.
Ra7 Ke6 55. Re7+ Kd5 56. Rxf7 Bxe5 57. Bf8 Rxh3 58. Rh7 Rh2+ 59. Kf1 h5 60. Bh6 Bf4 61. Rg7 Rh1+ 62. Kg2 Rh2+ 63. Kf1 Ra2 64. Bxg5 Ra1+ 65. Kg2 Ra2+ 66. Kf1 Ra1+ 67. Kg2 Ra2+ 68. Kf1 1/2-1/2

[Event "*** Titled Tuesday Blitz"]
[Site "Chess.com"]
[Date "2018.11.06"]
[Round "3"]
[White "joppie2"]
[Black "RegZryt"]
[Result "1/2-1/2"]
[WhiteElo "2674"]
[BlackElo "2500"]
[TimeControl "180+2"]
[EndTime "13:41:34 PST"]
[Termination "Game drawn - insufficient material"]

1. e4 c5 2. Nf3 e6 3. d4 cxd4 4. Nxd4 Nf6 5. Nc3 Nc6 6. Ndb5 d6 7. Bf4 e5 8. Bg5 a6 9. Na3 b5 10. Nd5 Be7 11. Bxf6 Bxf6 12. c3 Bg5 13. Nc2 Rb8 14. a4 bxa4 15. Ncb4 Nxb4 16. cxb4 O-O 17. Rxa4 a5 18. b5 Bd7 19. Qb3 Qc8 20. Bc4 Qb7 21. Rxa5 Bd8 22. Ra6 Bxb5 23. Qxb5 Qxb5 24. Bxb5 Rxb5 25.
b4 f5 26. Ke2 fxe4 27. Rxd6 Bh4 28. g3 Bg5 29. h4 Bh6 30. Ra1 Rb7 31. Raa6 Rbf7 32.
Rxh6 gxh6 33. Ke3 Rxf2 34. b5 Rb2 35. b6 Rd8 36. Kxe4 Re2+ 37. Kf3 Rb2 38. Ke4 Re2+ 39. Kf3 Rb2 40. Ra5 Rb3+ 41. Ke4 Rxg3 42. b7 Rb3 43. Ra8 Rf8 44. Nf6+ Kg7 45. Nd7 Rf4+ 46. Kxe5 Rxb7 47. Nc5 Rb5 48. Kxf4 Rxc5 49. Kg4 h5+ 50. Kg3 Rc3+ 51. Kf4 Rc5 52. Ra6 h6 53. Re6 Rc3 54. Ra6 Rh3 55.
Kf5 Rxh4 56. Ra7+ Kf8 57. Ra8+ Ke7 58. Rh8 Rh1 59. Rxh6 h4 60. Kg4 h3 61. Kg3 h2 62.
Kg2 Ra1 63. Kxh2 Ra2+ 64. Kg3 Ra3+ 65. Kf4 Ra4+ 66. Ke5 Ra5+ 67. Kd4 Ra4+ 68. Kc5 Ra5+ 69. Kb6 Ra1 70. Rh2 Rb1+ 71. Kc5 Rc1+ 72. Kd5 Rd1+ 73. Ke4 Re1+ 74. Kd3 Rd1+ 75. Kc2 Ra1 76. Kb3 Rb1+ 77. Ka2 Rb8 78. Rb2 Rxb2+ 79. Kxb2 1/2-1/2

[Event "*** Titled Tuesday Blitz"]
[Site "Chess.com"]
[Date "2018.11.06"]
[Round "3"]
[White "nubair1198"]
[Black "Kouzari"]
[Result "1-0"]
[WhiteElo "2542"]
[BlackElo "2565"]
[TimeControl "180+2"]
[EndTime "13:41:38 PST"]
[Termination "nubair1198 won by checkmate"]

1. d4 Nf6 2. c4 e6 3. Nc3 Bb4 4. Qc2 d5 5. cxd5 Qxd5 6. Nf3 b6 7. Bd2 Bxc3 8. Bxc3 O-O 9. e3 Ba6 10. Be2 Bxe2 11.
Qxe2 Nbd7 12. O-O Ne4 13. Rfc1 Rfd8 14. Be1 Qb7 15. Nd2 Nxd2 16. Bxd2 Rac8 17. b4 e5 18.
dxe5 Nxe5 19. Bc3 Nd3 20. Rd1 Qe4 21. b5 Qc4 22. Bd4 Ne5 23. Qb2 Nd3 24. Qa3 Nf4 25.
exf4 Rxd4 26. Rxd4 Qxd4 27. Re1 Qd2 28. Qe3 Qxe3 29.
Rxe3 Kf8 30. Rc3 c5 31. bxc6 Ke7 32. h4 Kd6 33. Rg3 g6 34. f5 Rxc6 35. fxg6 fxg6 36. h5 Kd5 37. h6 a5 38. Rd3+ Kc4 39. Rd7 g5 40.
Rxh7 b5 41. Rh8 Kb4 42. h7 Rh6 43. g4 a4 44. f4 gxf4 45. Kf2 Ka3 46. g5 Rh2+ 47. Kf3 b4 48. g6 Kxa2 49. g7 a3 50. g8=Q+ b3 51. Qc4 Rh3+ 52. Kxf4 Rh4+ 53. Kg5 Rxc4 54.
Rf8 b2 55. h8=Q b1=Q 56. Rf2+ Rc2 57. Qg8+ Ka1 58. Qg7+ Qb2 59. Rf1+ Ka2 60. Qf7+ Qb3 61. Ra1+ Kxa1 62. Qxb3 a2 63. Kf4 Rb2 64. Qd1+ Rb1 65.
Qd4+ Rb2 66. Ke3 Kb1 67. Qd1# 1-0

[Event "*** Titled Tuesday Blitz"]
[Site "Chess.com"]
[Date "2018.11.06"]
[Round "3"]
[White "Arjun2002"]
[Black "Zarikovs1999"]
[Result "0-1"]
[WhiteElo "2329"]
[BlackElo "2345"]
[TimeControl "180+2"]
[EndTime "13:41:46 PST"]
[Termination "Zarikovs1999 won by resignation"]

1. e4 c5 2. Nf3 Nf6 3. Nc3 d5 4. exd5 Nxd5 5. Bb5+ Bd7 6. Ne5 Bxb5 7. Qf3 f6 8. Nxb5 Na6 9. Qh5+ g6 10. Nxg6 hxg6 11.
Qxh8 Qd7 12. Nc3 Qe6+ 13. Kd1 Qg4+ 14. Ne2 Qxg2 15. Rg1 Qxf2 16. d3 O-O-O 17. Qh3+ f5 18. Qg3 Qxg3 19. Rxg3 Rd6 20. Nf4 Nxf4 21. Bxf4 Rb6 22.
Kd2 Bg7 23. Re1 Kd7 24. b3 Nb4 25. c4 Nxa2 26. Reg1 Rxb3 27. Rxg6 Rb2+ 28. Kd1 Bd4 29. R1g2 Rb3 30. Ke2 Nb4 31. R2g3 Rb2+ 32. Kd1 Rxh2 33.
Be3 a5 34. Bxd4 cxd4 35. Rb6 Kc7 36. Rb5 b6 37. c5 Kc6 38. Rxb6+ Kxc5 39. Rb8 e5 40.
Re8 Nc6 41. Rg6 Rb2 42. Rc8 Rb6 43. Re6 Kd5 44. Ree8 a4 45. Ra8 Rb3 46. Rxa4 Rxd3+ 47. Ke2 Ke4 48. Re6 Nd8 49. Re8 Nf7 50. Re7 Ng5 51. Ra5 Re3+ 52. Kf2 Nf3 53. Ra4 f4 54. Rb7 Ng5 55.
Ra5 f3 56. Re7 Re2+ 57. Kf1 Kf4 58. Re8 d3 59. Rf8+ Ke3 60. Rxe5+ Ne4 61. Rfe8 d2 62.
Rxe4+ Kd3 63. Rxe2 fxe2+ 64. Kf2 d1=Q 65. Re3+ Kd2 0-1